 Dungeon Crawl Stone Soup version 0.32-a0-975-g85d4e5bfdb (webtiles) character file.

Game seed: 8451116517324165879

233 kae the Changeling (level 5, -2/37 HPs)
             Began as a Demonspawn Shapeshifter on Apr 18, 2024.
             Was an Initiate of Ru.
             Slain by a gnoll sergeant
             ... wielding a +4 trident of protection
              (11 damage)
             ... on level 5 of the Dungeon.
             The game lasted 00:03:47 (3739 turns).

kae the Changeling (Demonspawn Shapeshifter)        Turns: 3739, Time: 00:03:47

Health: -2/37      AC:  6    Str: 14    XL:     5   Next: 74%
Magic:  5/5        EV: 11    Int: 11    God:    Ru [......]
Gold:   130        SH:  0    Dex: 20    Spells: 4/4 levels left

rFire   . . .        e - +2 short sword (speed)
rCold   . . .        (no shield)
rNeg    . . .        t - +0 acid dragon scales
rPois   .            (helmet currently unavailable)
rElec   .            (cloak currently unavailable)
rCorr   +            (gloves unavailable)
SInv    .            (boots currently unavailable)
Will    +....        o - amulet of reflection
Stlth   +            D - +6 ring of dexterity
HPRegen 0.26/turn    f - ring of willpower
MPRegen 0.09/turn

%: reflection
@: confused, beast-form, ambrosia-drunk
A: beast (slay +2), foul stench 1, demonic touch 3
a: Begin Untransformation, Renounce Religion


You were on level 5 of the Dungeon.
You worshipped Ru.
Ru was noncommittal.
You were a hulking beast.
You visited 2 branches of the dungeon, and saw 6 of its levels.

You collected 130 gold pieces.


Innate Abilities, Weirdness & Mutations

You are a hulking beast.
Your limbs bulge with bestial killing power. (Slay +2)
You may rarely emit foul miasma when damaged in melee.
Your touch may irresistibly damage your foes and sap their willpower.


   Skills:
 - Level 1.0 Fighting
 - Level 1.7 Dodging
 + Level 4.0 Unarmed Combat
 * Level 4.8 Shapeshifting


You had 4 spell levels left.
You didn't know any spells.
Your spell library contained the following spells:

 Spells                   Type           Power      Damage    Failure   Level
 Call Imp                 Summ           0%         N/A       61%         2
 Sublimation of Blood     Necr           0%         N/A       61%         2
 Hailstorm                Conj/Ice       0%         3d5       83%         3
 Summon Ice Beast         Ice/Summ       0%         N/A       83%         3
 Animate Dead             Necr           0%         N/A       99%         4
 Permafrost Eruption      Ice/Erth       0%         2x4d1     100%        6
 Sculpt Simulacrum        Ice/Alch       0%         N/A       100%        6
 Haunt                    Necr/Summ      0%         N/A       100%        7
 Summon Hydra             Summ           0%         N/A       100%        7
 Infestation              Necr           0%         N/A       100%        8

Inventory:

Hand Weapons
 e - a +2 short sword of speed (weapon)
   (You found it on level 1 of the Dungeon)
Missiles
 k - 28 stones (quivered)
 r - 3 poisoned darts
Armour
 a - a +0 animal skin
 t - +0 acid dragon scales (worn)
   (You found it on level 4 of the Dungeon)
Jewellery
 f - a ring of willpower (right hand)
   (You found it on level 1 of the Dungeon)
 o - an amulet of reflection (around neck)
   (You found it on level 1 of the Dungeon)
 D - a +6 ring of dexterity (left hand)
   (You found it on level 2 of the Dungeon)
Talismans
 c - a beast talisman (active)
 d - a flux talisman
Wands
 q - a wand of flame (17)
   (You found it on level 4 of the Dungeon)
Scrolls
 b - a scroll of silence {!r}
 h - a scroll of amnesia
 i - a scroll of fear
 j - 2 scrolls of teleportation {@r4}
 m - 3 scrolls of identify {@r1}
 n - 2 scrolls of vulnerability {!r!r}
Potions
 l - 2 potions of mutation {!q}
 p - a potion of resistance

Dungeon Overview and Level Annotations

Branches:
Dungeon (5/15) Zot: 26404  Temple (1/1) D:4 Zot: 5927

Altars:
Ashenzari
Cheibriados
Fedhas
Gozag
Hepliaklqana
Kikubaaqudgha
Makhleb
Nemelex Xobeh
Qazlal
Ru
Uskayaw
Wu Jian
Xom
Yredelemnul

Annotations:
D:3 Ijyb
D:4 Eustachio, Pikel

#..# #..#
#..##
#####...#
#.......#
#.###...#
#.# ###.#
#g####.#
#.# ####
#gggh.)#
#.# #...
######.#
#.# #.##
#.#
#.#####.#
#.#
#.......#
#.#
#########
..# #..
..


You could see a gnoll sergeant and 3 gnolls.


Message History

😎 HP[+2]
Your hp is fully restored (37).
There are monsters nearby!
Unknown command.
There are monsters nearby!
There are monsters nearby!
Unknown command.
A gnoll comes into view. It is wielding a +0 club.
The gnoll hits you but does no damage. The gnoll misses you.
A gnoll comes into view. It is wielding a +0 spear.
The gnoll shouts! x2
You hit the gnoll. You block the gnoll's attack. The gnoll closely misses you.
You barely miss the gnoll. You hit the gnoll. You block the gnoll's attack.
The gnoll hits you but does no damage.
You closely miss the gnoll. The gnoll closely misses you.
The gnoll hits you with a +0 spear.
You hit the gnoll.
Unknown command.
You hit the gnoll but do no damage.
The gnoll hits you from afar with a +0 spear.
The gnoll hits you with a +0 spear. 😮 HP[-10]
You take 10 damage, and now have 27/37 hp.
MASSIVE DAMAGE!! (PAUSE)
You closely miss the gnoll. The gnoll barely misses you.
The gnoll hits you but does no damage.
Unknown command.
You hit the gnoll.
You kill the gnoll!
The gnoll hits you from afar with a +0 spear. 😮 HP[-1]
You take 1 damage, and now have 26/37 hp.
Unknown command.
Okay, then.
Okay, then.
Okay, then.
Okay, then.
Aiming: Throw Flame
Press: ? - help, Shift-Dir - straight line, f - gnoll
Aim: a gnoll, wielding a +0 spear (72% to hit)
The puff of flame hits the gnoll.
The gnoll hits you from afar with a +0 spear. 😮 HP[-6]
You take 6 damage, and now have 20/37 hp.
There are monsters nearby!
Okay, then.
Unknown command.
Aiming: Throw Flame
Press: ? - help, Shift-Dir - straight line, f/p - gnoll
Aim: a gnoll, wielding a +0 spear (moderately wounded, 72% to hit)
The puff of flame hits the gnoll.
You block the gnoll's attack. 😮 HP[+1]
Aiming: Throw Flame
Press: ? - help, Shift-Dir - straight line, f/p - gnoll
Aim: a gnoll, wielding a +0 spear (severely wounded, 72% to hit)
The puff of flame hits the gnoll.
You block the gnoll's attack.
Aiming: Throw Flame
Press: ? - help, Shift-Dir - straight line, f/p - gnoll
Aim: a gnoll, wielding a +0 spear (almost dead, 72% to hit)
The puff of flame hits the gnoll!
You kill the gnoll!
Aiming: Throw Flame
Press: ? - help, Shift-Dir - straight line, f - gnoll sergeant
Aim: a gnoll sergeant, wielding a +4 trident of protection, wearing a +0 ring mail and wearing a +0 kite shield (81% to hit)
The puff of flame hits the gnoll sergeant.
The gnoll sergeant closely misses you. You block the gnoll sergeant's attack.
The gnoll closely misses you.
A gnoll comes into view. It is wielding a +0 spear.
Things that are here:
a +0 spear; a throwing net {=f!f}; a gnoll corpse 😮 HP[+1]
You puncture the gnoll sergeant! The gnoll sergeant blocks your attack.
The gnoll hits you from afar with a +0 spear.
* * * LOW HITPOINT WARNING * * *
The gnoll sergeant barely misses you. 😨 HP[-4]
You take 4 damage, and now have 18/37 hp.
The gnoll sergeant blocks your attack.
Unknown command.
The gnoll sergeant blocks your attack. x2
The gnoll sergeant hits you with a +4 trident of protection!
* * * LOW HITPOINT WARNING * * *
The gnoll hits you from afar with a +0 spear!
* * * LOW HITPOINT WARNING * * *
😱 HP[-14]
You take 14 damage, and now have 4/37 hp.
MASSIVE DAMAGE!! (PAUSE)
You are confused.
You feel invigorated. The gnoll sergeant closely misses you.
The gnoll completely misses you. 😨 HP[+6]
You regained 6 hp, and now have 10/37 hp.
You closely miss the gnoll sergeant. The gnoll sergeant blocks your attack.
The gnoll hits you from afar with a +0 spear.
* * * LOW HITPOINT WARNING * * *
The gnoll sergeant hits you with a +4 trident of protection!
You die...
Ru respects your ultimate sacrifice.

Skill      XL: |  1  2  3  4  5 |
---------------+----------------+-----
Shapeshifting  | 3 4 |  4.8
Unarmed Combat | 3 4 |  4.0
Fighting       | |  1.0
Dodging        | |  1.7

Action                     |  1- 3 |  4- 6 || total
---------------------------+-------+-------++-------
  Melee: Unarmed           |    12 |       ||    12
         Short sword       |    98 |   118 ||   216
         Touch             |    16 |    16 ||    32
  Evoke: Wand              |       |     5 ||     5
    Use: Scroll            |     7 |     6 ||    13
         Potion            |     1 |     1 ||     2
   Stab: Sleeping          |     2 |       ||     2
 Armour: Animal skin       |    52 |    33 ||    85
         Skin              |     7 |     5 ||    12
         Acid dragon scale |       |    21 ||    21
  Dodge: Dodged            |    47 |    50 ||    97
  Block: Other             |     1 |    23 ||    24

Levels and vault maps discovered:
D:1:      erik_arrival_cave_to_civilisation [erik_arrival_cave_to_hall],
          layout_rooms, nicolae_the_louvre
D:2:      layout_loops_corners, shapermc_ecumenical_altar_ellora
D:3:      layout_basic, mainiacjoe_overflow_six_doors_small,
          kennysheep_crisscross, uniq_ijyb, uniq_natasha
D:4:      layout_cave_pools, led_sif_book, minmay_temple_entry_large_hall,
          uniq_robin, uniq_pikel, uniq_eustachio
D:5:      layout_loops_ring
Temple:   bh_familiar_temple

Notes
Turn   | Place    | Note
-------+----------+-------------------------------------------
     0 | D:1      | kae the Demonspawn Shapeshifter began the quest for the
                  | Orb.
     0 | D:1      | Reached XP level 1. HP: 15/15 MP: 1/1
     0 | D:1      | magus.rc [v1.11.3]
    24 | D:1      | HP: 2/15 [dart slug/slug dart (5)]
   107 | D:1      | Reached skill level 3 in Shapeshifting
   116 | D:1      | Gained mutation: Your touch may inflict minor irresistible
                  | damage on your foes. [demonic ancestry]
   116 | D:1      | Reached XP level 2. HP: 21/21 MP: 2/2
   161 | D:1      | Reached skill level 3 in Unarmed Combat
   237 | D:1      | You fall into a shaft and drop 1 floor!
   535 | D:1      | Gained mutation: Your touch may inflict irresistible damage
                  | on your foes. [demonic ancestry]
   535 | D:1      | Reached XP level 3. HP: 15/26 MP: 3/3
   777 | D:1      | You pick up a book of the Tundra and begin reading...
   777 | D:1      | You add the spells Hailstorm, Summon Ice Beast, Permafrost
                  | Eruption and Sculpt Simulacrum to your library.
  1458 | D:2      | Found a faded altar of an unknown god.
  1922 | D:3      | HP: 9/39 [gnoll/+0 spear (5)]
  1927 | D:3      | Gained mutation: Your touch may irresistibly damage your
                  | foes and sap their willpower. [demonic ancestry]
  1927 | D:3      | Reached XP level 4. HP: 9/32 MP: 4/4
  1928 | D:3      | HP: 8/48 [gnoll/+0 spear (1)]
  2060 | D:3      | Found a snail-covered altar of Cheibriados.
  2129 | D:3      | Noticed Ijyb
  2146 | D:3      | Reached skill level 4 in Shapeshifting
  2331 | D:3      | You pick up a book of Death and begin reading...
  2331 | D:3      | You add the spells Animate Dead, Haunt and Infestation to
                  | your library.
  2376 | D:3      | You pick up a book of the Tundra and begin reading...
  2777 | D:4      | Noticed Robin
  2801 | D:3      | Killed Robin
  2838 | D:4      | Gained mutation: You may rarely emit foul miasma when
                  | damaged in melee. [demonic ancestry]
  2838 | D:4      | Reached XP level 5. HP: 31/37 MP: 5/5
  2930 | D:4      | You pick up a book of Blood and begin reading...
  2930 | D:4      | You add the spells Call Imp, Sublimation of Blood and
                  | Summon Hydra to your library.
  2947 | D:4      | Found a staircase to the Ecumenical Temple.
  2961 | D:4      | Noticed a lemure
  2971 | Temple   | Entered the Ecumenical Temple
  3008 | Temple   | Became a worshipper of Ru the Awakened
  3048 | D:4      | Killed a lemure
  3068 | D:4      | Noticed a lemure
  3068 | D:4      | Noticed a lemure
  3110 | D:4      | Noticed Pikel
  3451 | D:4      | Killed a lemure
  3521 | D:4      | Noticed Eustachio
  3582 | D:4      | Noticed a lemure
  3603 | D:3      | Killed a lemure
  3668 | D:5      | Entered Level 5 of the Dungeon
  3702 | D:5      | Reached skill level 4 in Unarmed Combat
  3737 | D:5      | HP: 4/37 [gnoll/+0 spear[a gnoll sergeant] (7)]
  3739 | D:5      | Slain by a gnoll sergeant

Vanquished Creatures
  3 lemures
  A jelly (D:5)
  An iguana (D:4)
  Robin (D:3)
  5 gnolls
  2 adders
  2 ufetubi (D:4)
  2 dart slugs (D:1)
  An orc (D:3)
  5 bats
  5 endoplasms
  A giant cockroach (D:4)
  16 goblins
  9 hobgoblins
  5 jackals
  3 quokkas
  6 ball pythons
  4 frilled lizards
  7 kobolds
  9 rats
88 creatures vanquished.

Table legend:
 A = Non-vault XP
 B = Vault XP
 C = Vault XP percentage of total XP
 D = Non-vault monster count
 E = Vault monster count
 F = Vault count percentage of total count
                 A         B        C        D         E       F
            +---------+---------+-------+---------+---------+-------
      Total |     293 |      40 |  12.0 |      70 |      15 |  17.6
            +---------+---------+-------+---------+---------+-------
        D:1 |      44 |       2 |   4.3 |      24 |       2 |   7.7
        D:2 |      49 |       0 |   0.0 |      16 |       0 |   0.0
        D:3 |      67 |      15 |  18.3 |      18 |       1 |   5.3
        D:4 |      64 |      23 |  26.4 |       9 |      12 |  57.1
        D:5 |      69 |       0 |   0.0 |       3 |       0 |   0.0
            +---------+---------+-------+---------+---------+-------

Skill      XL: |  1  2  3  4  5 |
---------------+----------------+-----
Shapeshifting  | 3 4 |  4.8
Unarmed Combat | 3 4 |  4.0
Fighting       | |  1.0
Dodging        | |  1.7

Action                     |  1- 3 |  4- 6 || total
---------------------------+-------+-------++-------
  Melee: Unarmed           |    12 |       ||    12
         Short sword       |    98 |   118 ||   216
         Touch             |    16 |    16 ||    32
  Evoke: Wand              |       |     5 ||     5
    Use: Scroll            |     7 |     6 ||    13
         Potion            |     1 |     1 ||     2
   Stab: Sleeping          |     2 |       ||     2
 Armour: Animal skin       |    52 |    33 ||    85
         Skin              |     7 |     5 ||    12
         Acid dragon scale |       |    21 ||    21
  Dodge: Dodged            |    47 |    50 ||    97
  Block: Other             |     1 |    23 ||    24

Illustrated notes

Table legend:
 A = Kills in this place as a percentage of kills in the entire game.
 B = Kills by you in this place as a percentage of kills by you in the entire game.
 C = Kills by friends in this place as a percentage of kills by friends in the entire game.
 D = Other kills in this place as a percentage of other kills in the entire game.
 E = Experience gained in this place as a percentage of experience gained in the entire game.
 F = Experience gained in this place divided by the number of levels of this place that you have seen.
                   A       B       C       D       E      F
               +-------+-------+-------+-------+-------+----------------------
         Total | 100.0 | 100.0 |   N/A |   N/A | 100.0 |  55.5
       Dungeon | 100.0 | 100.0 |   N/A |   N/A | 100.0 |  66.6
               +-------+-------+-------+-------+-------+----------------------

Table legend: (Time is in decaauts)
 A = Elapsed time spent in this place.
 B = Non-inter-level travel time spent in this place.
 C = Inter-level travel time spent in this place.
 D = Time resting spent in this place.
 E = Time spent auto-exploring this place.
 F = Levels seen in this place.
 G = Mean time per level.
                   A        B        C        D        E       F      G
               +--------+--------+--------+--------+--------+-----+--------+
         Total |   3667 |   3386 |    281 |    374 |   2379 |   6 |  611.2 |
       Dungeon |   3594 |   3378 |    216 |    374 |   2379 |   5 |  718.8 |
        Temple |     72 |      7 |     65 |      0 |      0 |   1 |   72.0 |
               +--------+--------+--------+--------+--------+-----+--------+

Top non-repeatable levels by time:
     D:2: 1052 daAuts
     D:3: 912 daAuts
     D:1: 817 daAuts
     D:4: 746 daAuts
  Temple: 72 daAuts
     D:5: 66 daAuts
